 Dungeon Crawl Stone Soup version 0.29.1-15-g9cfb28693d (webtiles) character file.

Game seed: 4740863269278941158

0 hiirsack the Ducker (level 1, 14/14 HPs)
             Began as a Kobold Monk on Mar 24, 2023.
             Quit the game on level 1 of the Dungeon.
             The game lasted 00:06:54 (710 turns).

hiirsack the Ducker (Kobold Monk)                    Turns: 710, Time: 00:06:54

Health: 14/14      AC:  3    Str:  8    XL:     1   Next: 11%
Magic:  1/1        EV: 16    Int: 11    God:
Gold:   43         SH:  0    Dex: 17    Spells: 0/0 levels left

rFire   . . .      SeeInvis .   a - +0 hand axe
rCold   . . .      Faith    .   (no shield)
rNeg    . . .      Spirit   .   e - +0 robe
rPois   .          Reflect  .   (no helmet)
rElec   .          Harm     .   (no cloak)
rCorr   .          Rampage  .   (no gloves)
Will    .....                   i - +0 pair of boots
Stlth   +++.......              (no amulet)
HPRegen 0.04/turn               (no ring)
MPRegen 0.07/turn               (no ring)

@: no status effects
A: small, no large weapons, nightstalker 3
a: no special abilities


You were on level 1 of the Dungeon.
You visited 1 branch of the dungeon, and saw 1 of its levels.

You collected 43 gold pieces.

Inventory:

Hand Weapons
 a - a +0 hand axe (weapon)
Missiles
 d - 16 stones (quivered)
Armour
 e - a +0 robe (worn)
 i - a +0 pair of boots (worn)
Scrolls
 b - a scroll of identify {unknown}
 f - a scroll of noise {unknown}
Potions
 c - a potion of ambrosia
 g - a potion of magic {unknown}
 h - a potion of attraction {unknown}


   Skills:
 + Level 3.2 Fighting
 + Level 2.4 Axes
 + Level 3.6 Dodging
 + Level 2.6 Stealth


You couldn't memorise any spells.
You didn't know any spells.
Your spell library was empty.

Dungeon Overview and Level Annotations

Branches:
Dungeon (1/15)

Altars:


Innate Abilities, Weirdness & Mutations

You are small and have problems with some larger weapons.
You are completely attuned to the shadows.


Message History

The bush is lightly damaged.
You hit the bush but do no damage.
The bush is lightly damaged.
You hit the bush but do no damage.
The bush is lightly damaged.
You hit the bush but do no damage.
The bush is lightly damaged.
You hit the bush but do no damage.
The bush is lightly damaged.
You hit the bush but do no damage.
The bush is lightly damaged.
You hit the bush but do no damage.
The bush is lightly damaged.
You hit the bush.
The bush is lightly damaged.
Found 19 gold pieces.
You now have 43 gold pieces (gained 19).
Found a scroll labelled BEURUE NOMAERASM.
Found a dark potion.
Found 8 stones and a pair of boots.
Found a stone staircase leading down.
b - a scroll labelled BEURUE NOMAERASM You see here a +0 pair of boots.
d - 16 stones (gained 8)
You see here a +0 pair of boots.
Found a fuming puce potion.
Found a dagger.
g - a fuming puce potion
There are no items here.
h - a dark potion
There are no items here.
You see here a +0 pair of boots.
i - a +0 pair of boots You start putting on your armour.
You continue putting on your +0 pair of boots. x4
You finish putting on your +0 pair of boots.
Unknown command.
Unknown command.
Unknown command.
Unknown command.
Are you sure you want to abandon this character and quit the game? (Confirm with "yes".)

##...##......#..[.....#.#
##..P.÷#.##.###..[........
##..PP....# #...........
###...P♣.P..##
####.###....
#..P..♣♣♣♣.PP#.# #.# #..#.
#..♣♣♣♣♣♣♣♣♣P#.# #.. #..#.
#.P..♣P♣P♣PP.#.# #### .
#.#PP..PP.PP#..##....
#.....PP♣...@.....##.)
###.#...♣P.........#.#
#.##...............#
#.........>........#
#####..............#
#..............#
#..............#
#...............
##..............


There were no monsters in sight!

Vanquished Creatures
  A rat (D:1)
1 creature vanquished.

Vanquished Creatures (others)
  5 plants (D:1)
5 creatures vanquished.

Grand Total: 6 creatures vanquished

Notes
Turn   | Place    | Note
-------+----------+-------------------------------------------
     0 | D:1      | hiirsack the Kobold Monk began the quest for the Orb.
     0 | D:1      | Reached XP level 1. HP: 14/14 MP: 1/1
   710 | D:1      | Quit the game

Illustrated notes

Levels and vault maps discovered:
D:1:      scummos_arrival_simple_crosswalls, layout_rooms, serial_forest,
          infiniplex_forest_clump_medium, infiniplex_forest_side_room,
          infiniplex_forest_clump_cross, infiniplex_forest_lined_4_way,
          infiniplex_forest_lined_2, infiniplex_forest_straight_4,
          infiniplex_forest_lined_room_3, infiniplex_forest_clump_medium,
          infiniplex_forest_clump_C

Action                   || total
-------------------------++-------
Melee: Hand axe          ||    23
Armor: Robe              ||     1
Dodge: Dodged            ||     2
